 Dungeon Crawl Stone Soup version 0.30.0-29-ga12c61a403 (webtiles) character file.

Game seed: 1808580683422030483

34148 wingedge the Basher (level 13, -2/91 (107) HPs)
             Began as a Demigod Wanderer on June 23, 2023.
             Slain by a minotaur
             ... wielding a +1 quarterstaff of draining
              (7 damage)
             ... in a Gauntlet.
             The game lasted 01:04:46 (21065 turns).

wingedge the Basher (Demigod Wanderer)             Turns: 21065, Time: 01:04:46

HP:   -2/91 (107)   AC: 15    Str: 12    XL:     13   Next: 11%
MP:   13/22         EV: 28    Int: 28    God:
Gold: 941           SH:  9    Dex: 18    Spells: 16/20 levels left

rFire   + . .        a - +5 mace of Internal Strife {venom, Str+2}
rCold   + + +        R - +3 buckler {rC+}
rNeg    . . .        V - +1 acid dragon scales
rPois   .            (no helmet)
rElec   .            W - scarf {repulsion}
rCorr   +            v - +3 pair of gauntlets of War {Slay+5}
SInv    .            c - +0 pair of boots
Will    +....        o - amulet of the acrobat
Stlth   ++           t - ring "Ewibomp" {rF+ rC+ Slay+4}
HPRegen 0.35/turn    d - ring of protection from cold
MPRegen 0.18/turn

%: no teleportation, repel missiles, acrobat
@: acrobatic, hasted, studying Armour, heavily drained, very quick
A: high MP 1, forlorn, divine attributes
a: no special abilities


You were in a Gauntlet.
You visited 3 branches of the dungeon, and saw 16 of its levels.
You also visited: Ossuary, Bailey, Gauntlet and Ice Cave.

You collected 941 gold pieces.

Inventory:

Hand Weapons
 a - the +5 mace of Internal Strife (weapon) {venom, Str+2}
   (You found it on level 8 of the Dungeon)

   Str:       It affects your strength (+2).
 b - a +0 morningstar
Missiles
 m - a curare-tipped dart (quivered)
 y - 2 throwing nets
 O - 3 javelins
 Q - 4 silver javelins
Armour
 c - a +0 pair of boots (worn)
 r - the +0 pair of gloves "Micsae" {*Corrode Int+9}
   (You found it in a Gauntlet)

   Int:       It affects your intelligence (+9).
   *Corrode:  It may corrode you when you take damage.
 u - a +3 scale mail of fire resistance
 v - the +3 pair of gauntlets of War (worn) {Slay+5}
   (You found it in a Gauntlet)

   Slay:      It affects your accuracy & damage with ranged weapons and melee
   (+5).
 P - a +2 cloak
 R - a +3 buckler of cold resistance (worn)
 S - a +2 pair of gloves
 T - a +2 leather armour of positive energy
 V - +1 acid dragon scales (worn)
 W - a scarf of repulsion (worn)
 X - a +2 robe of willpower
Magical Staves
 l - a staff of cold
 D - a staff of death
Jewellery
 d - a ring of protection from cold (right hand)
 o - an amulet of the acrobat (around neck)
 p - a ring of poison resistance
 t - the ring "Ewibomp" (left hand) {rF+ rC+ Slay+4}
   (You found it on level 3 of the Dungeon)

   [ring of slaying]

   Slay:      It affects your accuracy & damage with ranged weapons and melee
   (+4).
   rF:        It protects you from fire.
   rC:        It protects you from cold.
 M - a ring of protection from fire
Wands
 h - a wand of digging (6)
 J - a wand of roots (16)
 L - a wand of mindburst (22)
 Y - a wand of acid (7)
Scrolls
 g - 3 scrolls of immolation
 k - 2 scrolls of magic mapping
 n - a scroll of summoning
 s - 2 scrolls of enchant weapon
 w - 3 scrolls of enchant armour
 x - 2 scrolls of identify
 C - 3 scrolls of blinking
 G - 3 scrolls of teleportation
 H - a scroll of poison
 I - 2 scrolls of fear
 K - 2 scrolls of fog
Potions
 e - 6 potions of mutation
 f - 2 potions of resistance
 i - 2 potions of invisibility
 j - a potion of cancellation {unknown}
 q - 2 potions of might
 A - 5 potions of brilliance
 B - a potion of haste
 E - 2 potions of heal wounds
 F - 2 potions of flight
 N - 4 potions of magic
 Z - 2 potions of curing


   Skills:
 - Level 8.0 Fighting
 + Level 12.9 Maces & Flails
 - Level 2.0(8.5) Staves
 - Level 3.0 Throwing
 - Level 10.0 Armour
 - Level 5.0 Dodging
 - Level 3.0 Stealth
 - Level 5.0 Shields
 - Level 4.0 Spellcasting
 - Level 9.0 Poison Magic
 - Level 2.0 Evocations


You had 16 spell levels left.
You knew the following spells:

 Your Spells              Type           Power      Damage    Failure   Level
a - Olgreb's Toxic Radia  Pois           54%        N/A       3%          4

Your spell library contained the following spells:

 Spells                   Type           Power      Damage    Failure   Level
 Summon Small Mammal      Summ           20%        N/A       14%         1
 Call Canine Familiar     Summ           5%         N/A       38%         3
 Dazzling Flash           Conj/Hex       10%        N/A       38%         3
 Summon Guardian Golem    Hex/Summ       5%         N/A       38%         3
 Agony                    Necr           5%         N/A       98%         5
 Silence                  Hex/Air        2%         N/A       98%         5
 Discord                  Hex            2%         N/A       100%        8
 Ignition                 Fire           2%         3d3       100%        8


Dungeon Overview and Level Annotations

Branches:
Dungeon (10/15)            Temple (1/1) D:7            Lair (5/5) D:10
  Swamp (0/4) Lair:2        Snake (0/4) Lair:3          Orc (0/2) D:10
Ossuary (visited)          Bailey (visited)           IceCv (visited)
Gauntlet (1/1)
  Slime: Lair:4-5

Shops:
D:6 [   D:9 [

Annotations:
D:6 3 runed translucent doors, safid's ghost, novice MfIE Gauntlet 8 transporters


Innate Abilities, Weirdness & Mutations

You have an increased reservoir of magic. (+10% MP)
You shall have no god before yourself.
Your divine heritage dramatically boosts your attributes as you level up.


Message History

The throwing net barely misses the minotaur.
Your toxic aura wanes.
The minotaur hits you with a +1 quarterstaff of draining!
You feel drained.
The minotaur gores you but does no damage.
Throw: 5 throwing nets
Press: ? - help, Shift-Dir - straight line, f/p - minotaur
Aim: a minotaur, wielding a +1 quarterstaff of draining, wearing a +0 plate armour and quivering silver javelins (severely wounded, berserk, extremely poisoned, 83% to hit)
You throw a throwing net. The throwing net hits the minotaur.
The minotaur is caught in the net!
The minotaur is severely wounded.
The minotaur struggles against the net. x2
The minotaur struggles against the net.
The minotaur struggles against the net.
The net rips apart, and the minotaur comes free!
The minotaur rages.
Throw: 4 throwing nets
Press: ? - help, Shift-Dir - straight line, f/p - minotaur
Aim: a minotaur, wielding a +1 quarterstaff of draining, wearing a +0 plate armour and quivering silver javelins (severely wounded, berserk, extremely poisoned, 83% to hit)
You throw a throwing net.
The throwing net barely misses the minotaur.
The minotaur hits you with a +1 quarterstaff of draining!
* * * LOW HITPOINT WARNING * * *
You feel drained.
* * * LOW HITPOINT WARNING * * *
The minotaur misses you.
Throw: 3 throwing nets
Press: ? - help, Shift-Dir - straight line, f/p - minotaur
Aim: a minotaur, wielding a +1 quarterstaff of draining, wearing a +0 plate armour and quivering silver javelins (severely wounded, berserk, extremely poisoned, 83% to hit)
You throw a throwing net. The throwing net hits the minotaur.
The minotaur is caught in the net!
The minotaur is severely wounded.
The minotaur struggles against the net.
The minotaur struggles against the net. x2
The net rips apart, and the minotaur comes free!
You feel yourself speed up.
The minotaur hits you with a +1 quarterstaff of draining!!
* * * LOW HITPOINT WARNING * * *
You feel drained.
You die...

'⌠...# ...⌠+ ∩(. #.#
#######(#######
#.............#
#.###.###.###.#
#...H.........# ###@###.###.##
#####.###.###.#####
#≈...............≈#
####8§8.8..©.©..8.8.8####
#8##§...............≈##8#
############################
#≈............≈∩≈...........
#...........................
###..###########...###########


You could see a minotaur (berserk, very poisoned).

Vanquished Creatures
  The ghost of croobank the Damnatio Memoriae, a journeyman DsCj of Hepliaklqana (Lair:2)
  A great orb of eyes (Gauntlet)
  2 two-headed ogres
  3 death yaks (Gauntlet)
  The ghost of jurchenman the Thaumaturge, a journeyman DECj of Vehumet (Lair:1)
  A skyshark (Lair:2)
  A bog body (Lair:2)
  A necromancer (Gauntlet)
  3 ugly things
  An oklob plant (Lair:2)
  Maurice (D:8)
  A gargoyle (Bailey)
  2 ice statues (IceCv)
  6 black mambas
  6 cane toads
  6 rime drakes
  A komodo dragon (Lair:1)
  An anaconda simulacrum (IceCv)
  3 polar bears
  11 blink frogs
  Grinder (D:4)
  35 yaks
  2 spriggans (Lair:1)
  A shadow (D:10)
  A vampire (Bailey)
  Eustachio (D:4)
  2 wraiths
  3 basilisks
  2 death yak simulacra (IceCv)
  3 swamp worms (Lair:2)
  16 water moccasins
  Duvessa (D:4)
  4 ice beasts
  5 black bears
  2 boulder beetle simulacra (Lair:1)
  3 orc warriors
  A black mamba simulacrum (Lair:1)
  A sky beast (D:7)
  3 phantoms
  11 wolves
  6 centaurs
  3 elf zombies (Ossuary)
  A kobold brigand (D:10)
  Blork the orc (D:5)
  16 bullfrogs
  A gnoll sergeant (D:8)
  3 cane toad simulacra
  2 scorpions
  6 wights
  Dowan (D:4)
  11 killer bees
  A rime drake simulacrum (Lair:1)
  7 wolf zombies (Bailey)
  8 vampire bats (Bailey)
  2 howler monkeys (D:10)
  2 centaur zombies (Ossuary)
  4 jellies
  10 orc priests
  5 hounds
  2 human zombies (Ossuary)
  A sleepcap (D:7)
  5 iguanas
  12 orc wizards
  A bullfrog simulacrum (Lair:1)
  2 mummies (Ossuary)
  14 gnolls
  7 adders
  A white imp (D:6)
  3 worms
  41 orcs
  8 ball pythons
  A bat zombie (D:4)
  8 endoplasms
  7 giant cockroaches
  6 goblins
  7 hobgoblins
  7 quokkas
  5 bats
  A frilled lizard (D:3)
  A goblin zombie (Ossuary)
  11 hobgoblin zombies (Ossuary)
  A jackal zombie (Ossuary)
  7 kobolds
  5 kobold zombies (Ossuary)
  26 orc zombies
  4 rats
  2 rat zombies (Ossuary)
437 creatures vanquished.

Notes
Turn   | Place    | Note
-------+----------+-------------------------------------------
     0 | D:1      | wingedge the Demigod Wanderer began the quest for the Orb.
     0 | D:1      | wingedge set off with the following items: a +2
                  | quarterstaff, a potion of curing, a +0 cloak, a potion of
                  | mutation, a +0 robe.
     0 | D:1      | Reached XP level 1. HP: 17/17 MP: 3/3
   137 | D:1      | Reached XP level 2. HP: 22/24 MP: 4/4
   576 | D:1      | Reached XP level 3. HP: 29/30 MP: 5/5
   957 | D:2      | Reached skill level 1 in Throwing
  1019 | D:2      | Reached XP level 4. HP: 38/38 MP: 6/6
  1612 | D:3      | Noticed a black bear
  1621 | D:3      | Killed a black bear
  1622 | D:3      | Reached skill level 1 in Maces & Flails
  1622 | D:3      | Reached skill level 1 in Shields
  1622 | D:3      | Reached XP level 5. HP: 9/46 MP: 7/7
  1816 | D:3      | Reached skill level 2 in Maces & Flails
  2006 | D:3      | Identified the ring "Ewibomp" {rF+ rC+ Slay+4}
  2525 | D:4      | Noticed Grinder
  2531 | D:3      | Reached skill level 3 in Maces & Flails
  2531 | D:3      | Reached XP level 6. HP: 50/52 MP: 8/8
  2641 | D:4      | Found a sand-covered staircase.
  2645 | Ossuary  | Entered an ossuary
  2866 | Ossuary  | Reached XP level 7. HP: 49/60 MP: 9/9
  2914 | Ossuary  | Reached skill level 5 in Fighting
  2925 | Ossuary  | Reached skill level 4 in Maces & Flails
  3233 | D:4      | Reached skill level 1 in Spellcasting
  3308 | D:4      | Paralysed by Grinder for 3 turns
  3316 | D:4      | Paralysed by Grinder for 2 turns
  3326 | D:4      | Paralysed by Grinder for 3 turns
  3332 | D:4      | Killed Grinder
  3333 | D:4      | Reached skill level 1 in Poison Magic
  3642 | D:4      | Reached XP level 8. HP: 49/68 MP: 13/13
  3784 | D:4      | Noticed Eustachio
  3799 | D:4      | Killed Eustachio
  4022 | D:4      | Noticed Duvessa
  4022 | D:4      | Noticed Dowan
  4026 | D:4      | Killed Duvessa
  4035 | D:4      | Killed Dowan
  4401 | D:5      | Entered Level 5 of the Dungeon
  5067 | D:5      | Noticed Blork the orc
  5073 | D:5      | Killed Blork the orc
  5599 | D:6      | Found a runed translucent gate.
  5599 | D:6      | Found a runed translucent gate.
  5599 | D:6      | Noticed safid's ghost (novice MfIE)
  5614 | D:6      | Found a runed translucent gate.
  5656 | D:6      | Found Azejed's Antique Armour Emporium.
  5774 | D:6      | Reached XP level 9. HP: 75/75 MP: 16/16
  6548 | D:7      | Learned a level 4 spell: Olgreb's Toxic Radiance
  6832 | D:6      | HP: 3/75 [poisoned by a killer bee]
  7388 | D:7      | Reached skill level 5 in Poison Magic
  7542 | D:7      | Found a staircase to the Ecumenical Temple.
  7551 | Temple   | Entered the Ecumenical Temple
  8024 | D:8      | Noticed Maurice
  8065 | D:8      | Killed Maurice
  8277 | D:8      | Identified the +5 mace of Internal Strife {venom, Str+2}
  8971 | D:9      | Reached skill level 5 in Maces & Flails
  9015 | D:9      | Found Doczacath's Antique Armour Shoppe.
  9030 | D:9      | Reached XP level 10. HP: 55/83 MP: 3/19
  9433 | D:9      | Noticed a two-headed ogre
  9450 | D:9      | Reached skill level 6 in Maces & Flails
  9450 | D:9      | Killed a two-headed ogre
  9452 | D:9      | Reached skill level 7 in Maces & Flails
 10354 | D:10     | Entered Level 10 of the Dungeon
 10361 | D:10     | Found a staircase to the Lair.
 10371 | D:10     | Reached skill level 1 in Evocations
 10385 | D:10     | Noticed a two-headed ogre
 10397 | D:10     | Killed a two-headed ogre
 10398 | D:10     | Reached skill level 8 in Maces & Flails
 10425 | D:10     | Identified the +1 chain mail of the Bagpipe {rC++ Dex+4}
 10503 | D:10     | Found a flagged portal.
 10513 | Bailey   | Entered a bailey
 11364 | D:10     | Found a staircase to the Orcish Mines.
 11372 | D:10     | Reached XP level 11. HP: 91/91 MP: 20/20
 11699 | D:10     | Reached skill level 5 in Armour
 12296 | Lair:1   | Entered Level 1 of the Lair of Beasts
 13092 | Lair:1   | Found a runed translucent gate.
 13093 | Lair:1   | Found a runed translucent gate.
 13093 | Lair:1   | Found a runed translucent gate.
 13146 | Lair:1   | Noticed jurchenman's ghost (journeyman DECj)
 13224 | Lair:1   | Killed jurchenman's ghost
 13615 | Lair:1   | Reached skill level 5 in Shields
 14248 | Lair:1   | Reached skill level 5 in Dodging
 14809 | Lair:1   | Reached skill level 9 in Maces & Flails
 15263 | Lair:2   | Noticed a bog body
 15268 | Lair:2   | Found a staircase to the Swamp.
 15280 | Lair:2   | Killed a bog body
 15703 | Lair:2   | Reached XP level 12. HP: 88/101 MP: 6/21
 15828 | Lair:2   | Identified a scroll of acquirement
 15828 | Lair:2   | Acquired a manual of Armour
 16672 | Lair:2   | Found a runed translucent gate.
 16673 | Lair:2   | Found a runed translucent gate.
 16674 | Lair:2   | Found a runed translucent gate.
 16678 | Lair:2   | Noticed croobank's ghost (journeyman DsCj)
 16703 | Lair:2   | Killed croobank's ghost
 17258 | Lair:3   | Reached skill level 10 in Maces & Flails
 17358 | Lair:3   | Found a staircase to the Snake Pit.
 18477 | Lair:4   | Found a frozen archway.
 18486 | IceCv    | Entered an ice cave
 18505 | IceCv    | Found a transporter.
 18773 | IceCv    | Found a transporter.
 18802 | IceCv    | Reached skill level 10 in Armour
 19164 | IceCv    | Identified the +4 dagger "Bafe Ynt" {elec, rC+ Str+6 Int-2
                  | Dex-5}
 19184 | Lair:4   | Reached skill level 11 in Maces & Flails
 19477 | Lair:4   | HP: 3/101 [poisoned by a black mamba]
 20172 | Lair:5   | Entered Level 5 of the Lair of Beasts
 20172 | Lair:5   | Found a gate leading to a gauntlet.
 20182 | Lair:5   | Reached skill level 12 in Maces & Flails
 20189 | Lair:5   | Noticed a seven-headed hydra
 20203 | Gauntlet | Entered a Gauntlet
 20203 | Gauntlet | Found a transporter.
 20203 | Gauntlet | Found a transporter.
 20228 | Gauntlet | Noticed a great orb of eyes
 20364 | Gauntlet | Found a transporter.
 20366 | Gauntlet | Found a transporter.
 20374 | Gauntlet | Found a transporter.
 20374 | Gauntlet | Found the +3 pair of gauntlets of War {Slay+5}
 20407 | Gauntlet | Found a transporter.
 20413 | Gauntlet | Found a transporter.
 20421 | Gauntlet | Found a transporter.
 20438 | Gauntlet | Found a transporter.
 20449 | Gauntlet | Found a transporter.
 20468 | Gauntlet | Found a transporter.
 20479 | Gauntlet | Found a transporter.
 20615 | Gauntlet | Killed a great orb of eyes
 20616 | Gauntlet | Reached XP level 13. HP: 107/107 MP: 11/22
 20683 | Gauntlet | Identified the +0 pair of gloves "Micsae" {*Corrode Int+9}
 21008 | Gauntlet | Identified the +1 scale mail of the Tanner {Dex+2}
 21047 | Gauntlet | Noticed a minotaur
 21065 | Gauntlet | Slain by a minotaur

Illustrated notes

Levels and vault maps discovered:
D:1:      minmay_arrival_four_loops, layout_rooms,
          hellmonk_ecumenical_altar_arch_garden, minmay_indecisive_spiral
D:2:      layout_basic, basic_altar
D:3:      layout_loops_cross
D:4:      layout_basic, lemuel_zombie_altar_kikubaaqudgha, grunt_qazlal_clouds,
          mainiacjoe_overflow_alcove_1, nicolae_ossuary_entry_plus,
          uniq_eustachio, uniq_duvessa, uniq_grinder
D:5:      layout_loops_corners, lemuel_crystal_altar, uniq_blork_the_orc
D:6:      layout_loops_ring, gammafunk_ghost_split, serial_shops,
          kennysheep_mini_moat
D:7:      layout_loops_ring, okawaru_gym_becter, mainiacjoe_overflow_big_doors,
          temple_statues, corexii_hall_statues_l
D:8:      layout_rooms, uniq_maurice
D:9:      layout_gridville, serial_shops, nicolae_shop_advertising_works
          [nicolae_subvault_shop_adworks], minmay_orc_keep
D:10:     layout_long_grid, lightli_temple_of_fire, old_standard_altar,
          hellmonk_lair_entry_icy, orc_0_dummy, enter_bailey_4
Temple:   oiseaux_autumnal_temple
Lair:1:   wad_woods_stonehenge, layout_layer_cave, gammafunk_ghost_icy,
          amcnicky_mini_pool_medium
Lair:2:   layout_cave_pods, skrybe_swamp_entry_bodies,
          ebering_ghost_rock_garden, st_stairs_8, columned_hall_lemuel,
          worms_lemuel, infiniplex_staircase_pool
Lair:3:   layout_cellular_growth, minmay_snake_entry_six_corridors
Lair:4:   layout_big_grid, portal_ice_cave_entry_pillars_1, grunt_megastairs_3,
          lemuel_fruit_fields
Lair:5:   minmay_lair_end_frog_pond, layout_loops_ring,
          dpeg_slime_entry_enclosed, gauntlet_entry_generic
Gauntlet: gammafunk_gauntlet_shortcut [gammafunk_gauntlet_arena_split_x,
          nicolae_gauntlet_arena_t_cross, nicolae_gauntlet_arena_quarters,
          gammafunk_gauntlet_arena_hedges, nicolae_gauntlet_arena_grate_2,
          nicolae_gauntlet_swirl, gauntlet_exit_hidden_loot]

Skill      XL: |  1  2  3  4  5  6  7  8  9 10 11 12 |
---------------+-------------------------------------+-----
Fighting       | 2 3 4 5 6 7 8 |  8.0
Staves         | 2 |  2.0
Dodging        | 2 3 5 |  5.0
Armour         | 3 4 6 10 | 10.0
Throwing       | 1 2 3 |  3.0
Maces & Flails | 1 3 4 5 8 9 12 | 12.9
Shields        | 1 2 3 5 |  5.0
Spellcasting   | 1 3 4 |  4.0
Stealth        | 2 3 |  3.0
Poison Magic   | 2 3 7 8 9 |  9.0
Evocations     | 1 2 |  2.0

Action                     |  1- 3 |  4- 6 |  7- 9 | 10-12 | 13-15 || total
---------------------------+-------+-------+-------+-------+-------++-------
  Melee: Quarterstaff      |   101 |    21 |       |       |       ||   122
         Flail             |       |   152 |   346 |       |       ||   498
         Mace              |       |       |    19 |   646 |    20 ||   685
         Morningstar       |       |       |       |   115 |       ||   115
  Throw: Dart              |     1 |     2 |    10 |     6 |     1 ||    20
         Javelin           |       |       |    24 |     9 |       ||    33
         Throwing net      |       |       |       |     1 |     4 ||     5
   Cast: Olgreb's Toxic Ra |       |       |    12 |   102 |    10 ||   124
  Evoke: Wand              |       |       |     4 |    31 |     1 ||    36
    Use: Scroll            |       |     2 |     8 |    19 |     1 ||    30
         Potion            |       |       |     9 |    15 |     2 ||    26
   Stab: Sleeping          |     2 |       |     5 |     4 |       ||    11
         Distracted        |       |       |     1 |       |       ||     1
         Paralysed         |       |       |       |    10 |       ||    10
         Invisible         |       |       |       |     1 |       ||     1
 Armour: Robe              |    16 |       |    53 |    11 |       ||    80
         Ring mail         |    33 |    54 |    36 |    27 |       ||   150
         Leather armour    |       |       |       |    94 |       ||    94
         Acid dragon scale |       |       |       |   219 |     5 ||   224
  Dodge: Dodged            |    74 |    85 |   224 |   459 |    10 ||   852
         Repelled          |       |       |       |       |     1 ||     1
  Block: Buckler           |       |    28 |   122 |   331 |     1 ||   482
